 Dungeon Crawl Stone Soup version 0.20-a0-1124-g2e29d97 (webtiles) character file.

2 Goblin1989 the Sneak (level 1, 0/10 HPs)
             Began as a Spriggan Assassin on May 16, 2017.
             Killed from afar by an orc wizard (10 damage)
             ... with a magic dart
             ... on level 2 of the Dungeon.
             The game lasted 00:01:30 (216 turns).

Goblin1989 the Sneak (Spriggan Assassin)             Turns: 216, Time: 00:01:31

Health: 0/10       AC:  3    Str:  7    XL:     1   Next: 25%
Magic:  2/2        EV: 17    Int: 12    God:
Gold:   14         SH:  0    Dex: 17    Spells: 0/0 levels left

rFire    . . .     SeeInvis +   a - +2 dagger
rCold    . . .     Gourm    .   (shield restricted)
rNeg     . . .     Faith    .   c - +0 robe
rPois    .         Spirit   .   (helmet restricted)
rElec    .         Reflect  .   d - +0 cloak
rCorr    .         Harm     .   (gloves unavailable)
MR       .....                  (boots unavailable)
Stlth    +++.......             (no amulet)
Regen    0.1/turn               (no ring)
MPRegen  0.1/turn               (no ring)

@: very quick
A: unfitting armour, see invisible, herbivore 3, speed 3, slow metabolism 2
a: no special abilities


You were on level 2 of the Dungeon.
You were not hungry.

You visited 1 branch of the dungeon, and saw 3 of its levels.

You collected 14 gold pieces.

Inventory:

Hand Weapons
 a - a +2 dagger (weapon)
 h - a +0 whip
 k - a +0 club
 l - a +0 mace
 w - a +0 blowgun {@w1}
Missiles
 b - 57 stones (quivered)
 f - 2 curare-tipped needles
 g - 8 poisoned needles
Armour
 c - a +0 robe (worn)
 d - a +0 cloak (worn)
Scrolls
 j - 2 scrolls of identify {unknown}
 m - a scroll of teleportation {unknown}
 n - a scroll of magic mapping {unknown}
Potions
 i - 2 potions of curing {unknown}
Comestibles
 e - a bread ration {@e1}


   Skills:
 - Level 1.5 Fighting
 - Level 2.1 Short Blades
 - Level 2.0 Throwing
 - Level 1.5 Dodging
 + Level 6.0 Stealth


You couldn't memorise any spells.
You didn't know any spells.

Dungeon Overview and Level Annotations

Branches:
Dungeon (3/15)

Altars:


Innate Abilities, Weirdness & Mutations

You are very small and have problems with some larger weapons.
You are too small for most types of armour.
You have supernaturally acute eyesight. (SInv)
You are a herbivore.
You cover ground extremely quickly.
You need consume almost no food.


Message History

Welcome, Goblin1989 the Spriggan Assassin.
It is said that the Orb of Zot exists deep within this dungeon.
Press ? for a list of commands and other information.
Found a staircase leading out of the dungeon.
You don't know any spells.
A rat and a giant cockroach come into view.
The giant cockroach completely misses you.
You hit the rat.
You kill the rat!
The giant cockroach closely misses you. The giant cockroach barely misses you.
You see here a rat corpse.
The giant cockroach barely misses you.
You see here 12 stones.
b - 12 stones The giant cockroach bites you but does no damage.
You see here a whip.
h - a whip A jackal comes into view.
The jackal barks!
A jackal comes into view.
You see here 14 gold pieces.
You now have 14 gold pieces.
A jackal and a goblin come into view.
You see here 24 stones.
b - 36 stones (gained 24)
The jackal barks!
You see here a smoky golden potion.
i - a smoky golden potion A dart slug comes into view.
The dart slug bites you but does no damage.
A goblin comes into view.
The goblin shouts!
You see here a scroll labeled SAROINYOGO.
j - a scroll labeled SAROINYOGO The dart slug launches a dart at you.
The slug dart hits you!
You take 2 damage, and have 8/10 hp.
Found a stone staircase leading down.
There is a stone staircase leading down here.
You climb downwards.
A hobgoblin comes into view. It is wielding a club.
There is a stone staircase leading up here.
The helpless hobgoblin fails to defend itself.
You impale the hobgoblin!!
You kill the hobgoblin!
Your Stealth skill increases to level 6!
Things that are here:
a club; a hobgoblin corpse
k - a club
There is a stone staircase leading up here.
You open the door.
There is an open door here.
Found a stone staircase leading up.
Found a stone staircase leading down.
You see here a mace.
l - a mace
i - 2 smoky golden potions (gained 1)
There are no items here.
There is a stone staircase leading up here.
Health restored: 10
There is a stone staircase leading down here.
You climb downwards.
A kobold, 2 orcs, an orc priest and an orc wizard come into view.
The orc shouts! x2; The orc wizard shouts!
The kobold shouts!
There is a stone staircase leading up here.
The orc wizard points at you and mumbles some strange words.
You feel yourself slow down. The orc hits you with a club.
The orc priest miscasts a cantrip.
You climb upwards.
There is a stone staircase leading down here.
You take 1 damage, and have 9/10 hp.
The orc wizard casts a spell.
The orc wizard blinks!
You see here a scroll labeled MARONG CACRADI.
m - a scroll labeled MARONG CACRADI You feel yourself speed up.
Things that are here:
21 stones; a scroll labeled EKEVEHA JAXKA
b - 57 stones (gained 21);
n - a scroll labeled EKEVEHA JAXKA The orc completely misses you.
The orc wizard casts a spell.
The orc wizard seems to speed up.
The orc wizard mumbles some strange words.
The orc wizard blinks!
The orc wizard gestures wildly while chanting.
The orc wizard blinks!
The orc wizard mumbles some strange words.
The orc wizard blinks!
Health restored: 10 A kobold comes into view.
It is wielding a dagger.
You open the door.
There is an open door here.
Found a stone staircase leading up.
You see here a scroll labeled SAROINYOGO.
j - 2 scrolls labeled SAROINYOGO (gained 1)
The orc wizard casts a spell at you. The magic dart hits you!
Ouch! That really hurt!
You die... .......█ █........ .......█ ...[. ....o..█ █...█ .......████████...████ ███████o............. █.████.......█ ███████o█

█......<█ ......█.█
█.......█ ......█o█
█....@..▲ ......█.█
█.......█
......█.████o......█
......█..K.........█
...........o.......█
........████.█▲█████
........∆....█
........██████
.█▲█▲████


You could see an orc wizard, an orc and a kobold.

Vanquished Creatures
  A hobgoblin (D:2)
  A rat (D:1)
2 creatures vanquished.

Notes
Turn   | Place    | Note
-------+----------+-------------------------------------------
     0 | D:1      | Goblin1989 the Spriggan Assassin began the quest for the Orb.
     0 | D:1      | Reached XP level 1. HP: 10/10 MP: 2/2
   114 | D:2      | Reached skill level 6 in Stealth
   164 | D:3      | Noticed an orc wizard
   164 | D:3      | Noticed an orc priest
   216 | D:2      | Killed from afar by an orc wizard

Vault maps used:
D:1:      dpeg_arrival_arbitrary_a, minivault_27
D:3:      overflow_temple_1_default, old_standard_altar, first_bread,
          uniq_grinder, uniq_purgy, uniq_jessica

Skill      XL: |  1 |
---------------+----+-----
Stealth        | 6 |  6.0
Fighting       | |  1.5
Short Blades   | |  2.1
Throwing       | |  2.0
Dodging        | |  1.5

Action                   || total
-------------------------++-------
Melee: Dagger            ||     2
 Stab: Sleeping          ||     1
Armor: Robe              ||     2
Dodge: Dodged            ||     5

Vault maps used:
D:1:      dpeg_arrival_arbitrary_a, minivault_27
D:3:      overflow_temple_1_default, old_standard_altar, first_bread,
          uniq_grinder, uniq_purgy, uniq_jessica
